 Dungeon Crawl Stone Soup version 0.18.1-8-gdd0e5ea (webtiles) character file.

44 AvylaarBelgium the Grave Robber (level 3, -1/19 HPs)
             Began as a Deep Elf Necromancer on June 7, 2016.
             Killed from afar by a dart slug (4 damage)
             ... with a slug dart
             ... on level 2 of the Dungeon.
             The game lasted 00:03:12 (730 turns).

AvylaarBelgium the Grave Robber (DENe)               Turns: 730, Time: 00:03:13

Health: -1/19      AC:  3    Str:  8    XL:     3   Next: 41%
Magic:  6/10       EV: 13    Int: 20    God:
Gold:   78         SH:  0    Dex: 15    Spells: 1 memorised, 9 levels left

rFire  . . .     SeeInvis .     d - +1 dagger (venom)
rCold  . . .     Gourm    .     a - +0 robe
rNeg   . . .     Faith    .     (no shield)
rPois  .         Spirit   .     (no helmet)
rElec  .         Dismiss  .     j - +0 cloak
rCorr  .         Reflect  .     (no gloves)
SustAt .         Harm     .     (no boots)
MR     .....                    (no amulet)
Stlth  ++........               (no ring)
                                f - +3 ring of strength

@: very slightly contaminated, not resistant to hostile enchantments, unstealthy
A: no striking features
a: no special abilities


You were on level 2 of the Dungeon.
You were not hungry.

You visited 1 branch of the dungeon, and saw 2 of its levels.

You collected 78 gold pieces.

Inventory:

Hand Weapons
 d - a +1 dagger of venom (weapon)
 n - a +0 hunting sling
Missiles
 l - 4 bolts
 o - 16 arrows
Armour
 a - a +0 robe (worn)
 j - a +0 cloak (worn)
Jewellery
 f - a +3 ring of strength (left hand)
 m - a +4 amulet of reflection {unknown}
Scrolls
 e - 2 scrolls of teleportation {unknown}
 h - a scroll of enchant armour {unknown}
 i - 2 scrolls of magic mapping {unknown}
 k - a scroll of immolation {unknown}
Books
 b - a book of Necromancy

   Spells                             Type                      Level
   a - Pain                           Necromancy                   1
   b - Animate Skeleton               Necromancy                   1
   c - Vampiric Draining              Necromancy                   3
   d - Regeneration                   Charms/Necromancy            3
   e - Animate Dead                   Necromancy                   4
   f - Control Undead                 Necromancy                   4
Comestibles
 c - a bread ration
 g - a meat ration


   Skills:
 - Level 2.4 Dodging
 - Level 2.4 Stealth
 + Level 4.2 Spellcasting
 + Level 5.6 Necromancy


You had 9 spell levels left.
You knew the following spells:

 Your Spells              Type           Power        Failure   Level  Hunger
a - Pain                  Necr           ####         1%          1    None


Dungeon Overview and Level Annotations

Branches:
Dungeon (2/15)

Altars:


Message History

Found a dagger.
You see here 16 arrows.
o - 16 arrows
Casting: Pain
Confirm with . or Enter, or press ? or * to list all spells.
Aiming: Pain
Press: ? - help, Shift-Dir - straight line, f - dart slug
Aim: a dart slug (clinging, resting, chance to defeat MR: 96%)
You miscast Pain.
You are very lightly contaminated with residual magic.
You smell decay.
Casting: Pain
Confirm with . or Enter, or press ? or * to list all spells.
Aiming: Pain
Press: ? - help, Shift-Dir - straight line, f/p - dart slug
Aim: a dart slug (clinging, resting, chance to defeat MR: 96%)
The dart slug convulses in agony!
The dart slug launches a dart at you. The slug dart hits you!
You die...

#.....####.#.##.#.##.
#.......##.#.##.#.##.
##.......##....#.#.###
#..........####..#.#.###
#.#>.......###...#.#....
#........#.......#.#####
###.##...#.......#.#....
#......#.#.....#.#.#.###
.#.#..@...........<....
..w...##.#######.#######
#.#.#....# ..... #
#)#### ### ### #


You could see a dart slug.

Vanquished Creatures
  An ooze (D:1)
  A worm (D:2)
  A dart slug (D:1)
  3 giant geckos (D:1)
  4 giant cockroaches (D:1)
  2 goblins
  5 hobgoblins (D:1)
  A jackal (D:1)
  3 kobolds (D:1)
  A quokka (D:2)
  3 bats (D:2)
  A giant newt (D:2)
  2 rats (D:1)
28 creatures vanquished.

Notes
Turn   | Place    | Note
--------------------------------------------------------------
     0 | D:1      | AvylaarBelgium the Deep Elf Necromancer began the quest for the Orb.
     0 | D:1      | Reached XP level 1. HP: 10/10 MP: 6/6
    57 | D:1      | Reached skill level 5 in Necromancy
   186 | D:1      | Reached XP level 2. HP: 2/15 MP: 1/8
   444 | D:1      | Reached XP level 3. HP: 1/19 MP: 5/10
   730 | D:2      | Killed from afar by a dart slug

Skill      XL: |  1  2 |
---------------+-------+-----
Necromancy     | 5 |  5.6
Spellcasting   | 4 |  4.2
Dodging        | |  2.4
Stealth        | |  2.4

Action                   || total
-------------------------++-------
Melee: Dagger            ||     6
 Cast: Pain              ||    51
Armor: Robe              ||     1
Dodge: Dodged            ||     3
